 Dungeon Crawl Stone Soup version 0.19-a0-706-g03de5d9 (webtiles) character file.

9464 Gorice the Frost Mage (level 11, -2/56 HPs)
             Began as a Deep Elf Ice Elementalist on June 19, 2016.
             Was the Champion of Sif Muna.
             Slain by an anaconda simulacrum (6 damage)
             ... on level 2 of the Abyss.
             The game lasted 01:16:24 (11754 turns).

Gorice the Frost Mage (Deep Elf Ice Elementalist)  Turns: 11754, Time: 01:16:24

Health: -2/56      AC: 19    Str:  9    XL:     11   Next: 23%
Magic:  17/26      EV: 13    Int: 27    God:    Sif Muna [******]
Gold:   422        SH:  0    Dex: 15    Spells: 6 memorised, 10 levels left

rFire  . . .     SeeInvis .     f - +0 scimitar (flame)
rCold  + + .     Gourm    .     s - +3 robe of the Great Game {+Inv rC++ Regen+ Str+4}
rNeg   . . .     Faith    .     (no shield)
rPois  .         Spirit   .     Q - +0 helmet
rElec  .         Dismiss  .     n - +0 cloak
rCorr  .         Reflect  .     o - +0 pair of gloves
SustAt .         Harm     .     G - +1 pair of boots
MR     +....                    (no amulet)
Stlth  +++++.....               t - ring of stealth
                                l - +3 ring of intelligence

@: icy armour, slow, somewhat resistant to hostile enchantments, quite stealthy
A: no striking features
a: Channel Energy, Forget Spell, Renounce Religion, Evoke Invisibility


You were on level 2 of the Abyss.
You worshipped Sif Muna.
Sif Muna was exalted by your worship.
You were not hungry.

You visited 2 branches of the dungeon, and saw 11 of its levels.
You visited the Abyss 1 time.

You collected 667 gold pieces.
You spent 245 gold pieces at shops.

Inventory:

Hand Weapons
 a - a +2 dagger of venom
   (You took it off an orc on level 8 of the Dungeon)
 f - a +0 scimitar of flaming (weapon)
   (You took it off Erica on level 8 of the Dungeon)
 w - a +0 falchion of holy wrath
   (You took it off an orc on level 6 of the Dungeon)
 X - a +2 whip of freezing
   (You took it off Pikel on level 6 of the Dungeon)
Missiles
 D - 2 tomahawks of returning
 J - 6 curare-tipped needles
 W - 6 tomahawks (quivered)
 Y - 3 throwing nets
Armour
 n - a +0 cloak (worn)
 o - a +0 pair of gloves (worn)
 s - the +3 robe of the Great Game (worn) {+Inv rC++ Regen+ Str+4}
   (You found it on level 9 of the Dungeon)

   It affects your strength (+4).
   It greatly protects you from cold.
   It lets you turn invisible.
   It increases your rate of regeneration.
 B - a +1 leather armour of magic resistance
   (You found it on level 5 of the Dungeon)
 F - a +0 buckler
 G - a +1 pair of boots (worn)
 K - the +3 ring mail of the Ancient Blessings {Dex+2, unknown}
   (You found it on level 10 of the Dungeon)

   It affects your dexterity (+2).
 Q - a +0 helmet (worn)
Jewellery
 l - a +3 ring of intelligence (left hand)
 t - a ring of stealth (right hand)
 O - an uncursed ring of resist corrosion
 V - a +1 ring of evasion
Wands
 g - a wand of flame (24/48)
 y - a wand of heal wounds (5/9) {!d}
 C - a wand of digging (1/24)
 I - a wand of slowing (13/48)
 T - a wand of disintegration (12/24)
 U - a wand of polymorph (11/24)
Scrolls
 h - 4 scrolls of amnesia
 j - a scroll of noise {!r}
 p - 3 scrolls of magic mapping {!r}
 u - a scroll of remove curse
Potions
 e - 2 potions of might {!q}
 i - a potion of magic {!q}
 k - a potion of beneficial mutation
 v - 4 potions of flight
 A - 2 potions of curing
 E - a potion of resistance {!q}
 H - a potion of agility {!q}
 L - a potion of ambrosia
 R - a potion of lignification {!q}
 S - 2 potions of cure mutation {!q}
Books
 b - a book of Frost
 d - a Young Poisoner's Handbook
 q - a book of Annihilations
 M - a book of Summonings
 Z - a book of Unlife
Comestibles
 c - 8 bread rations {!e}
 m - 4 meat rations {!e}
 r - 3 beef jerkies
 N - 8 slices of pizza


   Skills:
 - Level 1.1 Fighting
 - Level 0.4 Armour
 + Level 3.0 Dodging
 * Level 7.8 Stealth
 - Level 9.9 Spellcasting
 - Level 9.0 Conjurations
 - Level 7.2 Charms
 - Level 8.0 Summonings
 - Level 10.0 Ice Magic


You had 10 spell levels left.
You knew the following spells:

 Your Spells              Type           Power        Failure   Level  Hunger
a - Freeze                Ice            ####         1%          1    None
b - Throw Frost           Conj/Ice       ######       1%          2    None
c - Ozocubu's Armour      Chrm/Ice       ######..     1%          3    None
d - Throw Icicle          Conj/Ice       ######..     1%          4    None
e - Summon Ice Beast      Ice/Summ       ######..     1%          4    None
D - Aura of Abjuration    Summ           ######....   4%          5    ####...


Dungeon Overview and Level Annotations

Branches:
Dungeon (10/15)            Temple (1/1) D:7             Orc (0/2) D:10
   Lair: D:8-11

Altars:
Ashenzari
Cheibriados
Dithmenos
Elyvilon
Fedhas
Gozag
Hepliaklqana
Kikubaaqudgha
Makhleb
Nemelex Xobeh
Okawaru
Pakellas
Qazlal
Ru
Sif Muna
Trog
Uskayaw
Vehumet
Xom
Yredelemnul
Zin
The Shining One

Shops:
D:7 ?

Annotations:
D:5 Dowan
D:10 Erolcha


Message History

You are quite stealthy.
You are feeling hungry.
Eat which item? (? for menu, Esc to quit)
Mmm...
Chicken.
Found 23 stones.
Found 14 gold pieces.
You now have 422 gold pieces (gained 14).
A ynoxinul comes into view.
The ynoxinul bellows!
Casting: Summon Ice Beast
Confirm with . or Enter, or press ? or * to list all spells.
Aiming: Throw Icicle
Press: ? - help, Shift-Dir - straight line, f - ynoxinul
Aim: a ynoxinul (translocational energy)
The shard of ice misses the ynoxinul.
The ynoxinul gestures at you. The iron shot hits you!
Damage: 10 (max 10)
Casting: Throw Icicle
Confirm with . or Enter, or press ? or * to list all spells.
A film of ice covers your body!
The ynoxinul moves out of view.
An anaconda simulacrum comes into view.
Casting: Ozocubu's Armour
Confirm with . or Enter, or press ? or * to list all spells.
Aiming: Throw Icicle
Press: ? - help, Shift-Dir - straight line, f - anaconda simulacrum
Aim: an anaconda simulacrum (hasn't noticed you)
The shard of ice hits the anaconda simulacrum.
The anaconda simulacrum partially resists.
The anaconda simulacrum constricts you but does no damage.
The anaconda simulacrum bites you. The anaconda simulacrum freezes you!
You resist.
Damage: 11 (max 11)
The anaconda simulacrum misses you. The anaconda simulacrum bites you.
The anaconda simulacrum freezes you! You resist.
* * * LOW HITPOINT WARNING * * *
Damage: 11 (max 11)
The anaconda simulacrum barely misses you.
The anaconda simulacrum bites you.
* * * LOW HITPOINT WARNING * * *
The anaconda simulacrum freezes you! You resist.
* * * LOW HITPOINT WARNING * * *
Damage: 12 (max 12) Unknown command.
The anaconda simulacrum constricts you.
* * * LOW HITPOINT WARNING * * *
The anaconda simulacrum freezes you! You resist.
* * * LOW HITPOINT WARNING * * *
The anaconda simulacrum bites you.
You die...

#. #..# # ###..
. ## #...###. .#
##..### .###
..#.#...#..#...#
#......#.#3.#
##. ##.#.##.#
#....#..3### .#
#.....#.#Z@# .#
#......##### #
#.. ##. #. ..
#≈. ... #♣ #. .
.#


You could see a ynoxinul and an anaconda simulacrum.

Vanquished Creatures
  A tentacled starspawn (Abyss:2)
  Erica (D:8)
  A hill giant (D:7)
  Pikel (D:6)
  A worldbinder (Abyss:2)
  An orange demon (Abyss:2)
  3 two-headed ogres
  A wyvern (D:10)
  A human (D:8)
  A hungry ghost (D:10)
  Menkaure (D:5)
  2 wargs (D:10)
  A water moccasin (D:7)
  Duvessa (D:5)
  5 sky beasts
  2 black bears
  2 orc warriors
  4 ogres
  A phantom (D:9)
  4 centaurs
  Blork the orc (D:5)
  A big kobold (D:10)
  5 giant frogs
  3 scorpions
  7 killer bees
  3 wights (D:8)
  2 howler monkeys
  2 giant frog zombies
  A centaur zombie (D:9)
  3 crimson imps
  2 giant frog skeletons
  4 jellies
  2 hounds
  An orc priest (D:9)
  6 orc wizards
  A centaur skeleton (D:7)
  5 iguanas
  7 worker ants
  A killer bee zombie (D:7)
  A hound zombie (D:9)
  2 worker ant zombies
  2 howler monkey zombies
  2 howler monkey skeletons
  10 gnolls
  9 adders
  3 shadow imps
  An adder zombie (D:10)
  An adder skeleton (D:5)
  3 worms
  3 giant geckos
  26 orcs
  A ball python (D:2)
  6 bats
  7 giant cockroaches
  9 goblins
  6 hobgoblins
  8 jackals
  9 quokkas
  A giant gecko skeleton (D:7)
  2 giant newts (D:2)
  A jackal skeleton (D:7)
  8 kobolds
  A quokka zombie (D:8)
  7 rats
221 creatures vanquished.

Vanquished Creatures (others)
  9 starspawn tentacles (Abyss:2)
  72 starspawn tentacle segments (Abyss:2)
81 creatures vanquished.

Grand Total: 302 creatures vanquished

Notes
Turn   | Place    | Note
--------------------------------------------------------------
     0 | D:1      | Gorice the Deep Elf Ice Elementalist began the quest for the Orb.
     0 | D:1      | Reached XP level 1. HP: 10/10 MP: 6/6
   648 | D:1      | --wow only 83% of the way to xpl2 - crap D1!
   691 | D:2      | Reached XP level 2. HP: 15/15 MP: 8/8
   707 | D:2      | Reached skill level 4 in Ice Magic
   738 | D:2      | HP: 3/15 [gnoll/mace (12)]
   811 | D:1      | Learned a level 2 spell: Throw Frost
  1020 | D:2      | You fall through a shaft for 2 floors!
  1126 | D:3      | --wow shafted to D4 at xpl2!
  1222 | D:3      | Reached XP level 3. HP: 19/19 MP: 5/9
  1314 | D:3      | Reached skill level 2 in Conjurations
  1468 | D:2      | Reached XP level 4. HP: 22/24 MP: 7/10
  1539 | D:2      | Found a shimmering altar of Xom.
  1540 | D:2      | Found a hazy altar of Hepliaklqana.
  1540 | D:2      | Noticed an insubstantial wisp
  1541 | D:2      | Noticed a spectral ugly thing
  1541 | D:2      | Noticed an insubstantial wisp
  1889 | D:2      | Reached skill level 3 in Conjurations
  1979 | D:2      | Reached skill level 5 in Ice Magic
  2153 | D:3      | HP: 7/24 [gnoll (5)]
  2451 | D:3      | Reached XP level 5. HP: 24/28 MP: 4/11
  2596 | D:3      | Reached skill level 4 in Conjurations
  2892 | D:3      | Learned a level 3 spell: Ozocubu's Armour
  2967 | D:4      | You fall through a shaft for 2 floors!
  2993 | D:6      | HP: 8/28 [poisoned by a worker ant]
  3151 | D:6      | Noticed an orc warrior
  3274 | D:5      | Entered Level 5 of the Dungeon
  3274 | D:5      | Noticed Menkaure
  3278 | D:6      | Noticed Pikel
  3278 | D:6      | Noticed a slave
  3280 | D:6      | Noticed a slave
  3280 | D:6      | Noticed a slave
  3282 | D:6      | Noticed a slave
  3529 | D:7      | Found a staircase to the Ecumenical Temple.
  3537 | Temple   | Entered the Ecumenical Temple
  3633 | Temple   | Became a worshipper of Sif Muna the Loreminder
  3674 | D:7      | Noticed a water moccasin
  3709 | D:7      | Killed a water moccasin
  3709 | D:7      | Reached skill level 5 in Conjurations
  3709 | D:7      | Reached skill level 2 in Charms
  3709 | D:7      | Reached XP level 6. HP: 32/32 MP: 1/12
  4035 | D:7      | Found Mevotsed's Magic Scroll Boutique.
  4094 | D:7      | Bought a scroll of identify for 28 gold pieces
  4094 | D:7      | Bought a scroll of teleportation for 42 gold pieces
  4133 | D:7      | Reached skill level 3 in Charms
  4142 | D:7      | Noticed a two-headed ogre
  4256 | D:7      | Learned a level 4 spell: Throw Icicle
  4533 | D:7      | Reached * piety under Sif Muna
  4533 | D:7      | Reached skill level 6 in Ice Magic
  4533 | D:7      | Reached XP level 7. HP: 36/36 MP: 3/13
  4619 | D:7      | Found an opulent altar of Gozag.
  4619 | D:7      | Found a shattered altar of Ashenzari.
  4629 | D:7      | Reached skill level 6 in Conjurations
  4635 | D:7      | Found a burning altar of Makhleb.
  4636 | D:7      | Found a glowing golden altar of the Shining One.
  4639 | D:7      | Found an iron altar of Okawaru.
  4876 | D:6      | Reached skill level 4 in Charms
  5178 | D:4      | Reached skill level 4 in Spellcasting
  5334 | D:4      | Found a stormy altar of Qazlal.
  5669 | D:4      | Found a blossoming altar of Fedhas.
  5919 | D:5      | Noticed Blork the orc
  6002 | D:5      | Killed Blork the orc
  6002 | D:5      | Reached ** piety under Sif Muna
  6002 | D:5      | Reached XP level 8. HP: 41/41 MP: 3/16
  6269 | D:5      | Killed Menkaure
  6269 | D:5      | Reached skill level 7 in Conjurations
  6269 | D:5      | Reached skill level 5 in Charms
  6269 | D:5      | Reached skill level 7 in Ice Magic
  6294 | D:5      | Reached skill level 5 in Spellcasting
  6362 | D:5      | Found an oddly glowing altar of Pakellas.
  6531 | D:5      | Noticed Duvessa
  6531 | D:5      | Noticed Dowan
  6742 | D:5      | HP: 1/41 [Duvessa/short sword of electrocution (18)]
  6746 | D:5      | Killed Duvessa
  7140 | D:6      | Found a white marble altar of Elyvilon.
  7661 | D:6      | Killed Pikel
  7661 | D:6      | Reached *** piety under Sif Muna
  7661 | D:6      | Reached skill level 6 in Spellcasting
  7661 | D:6      | Reached skill level 6 in Charms
  7661 | D:6      | Reached skill level 8 in Ice Magic
  7661 | D:6      | Reached XP level 9. HP: 45/45 MP: 1/20
  7670 | D:6      | Found a hide-covered altar of Uskayaw.
  7772 | D:6      | Learned a level 4 spell: Summon Ice Beast
  7920 | D:6      | Reached skill level 8 in Conjurations
  7920 | D:6      | Reached skill level 7 in Charms
  8077 | D:7      | Noticed a hill giant
  8082 | D:7      | Killed a hill giant
  8082 | D:7      | Reached **** piety under Sif Muna
  8082 | D:7      | Reached skill level 7 in Spellcasting
  8082 | D:7      | Reached skill level 2 in Summonings
  8082 | D:7      | Reached skill level 9 in Ice Magic
  8241 | D:7      | Reached skill level 3 in Summonings
  8652 | D:7      | Bought a scroll of teleportation for 42 gold pieces
  8656 | D:7      | Bought a scroll of recharging for 133 gold pieces
  8735 | D:8      | Reached ***** piety under Sif Muna
  8747 | D:8      | Reached skill level 4 in Summonings
  8963 | D:8      | Reached XP level 10. HP: 49/50 MP: 9/23
  9475 | D:8      | Noticed Erica
  9531 | D:8      | Killed Erica
  9531 | D:8      | Reached skill level 8 in Spellcasting
  9531 | D:8      | Reached skill level 9 in Conjurations
  9531 | D:8      | Reached skill level 5 in Summonings
  9886 | D:9      | Got a colourful robe
  9887 | D:9      | Identified the +3 robe of the Great Game {+Inv rC++ Regen+ Str+4} (You found it on level 9 of the Dungeon)
 10101 | D:9      | Reached skill level 6 in Summonings
 10156 | D:9      | Reached skill level 10 in Ice Magic
 10586 | D:10     | Entered Level 10 of the Dungeon
 10591 | D:10     | Reached skill level 9 in Spellcasting
 10599 | D:9      | Reached ****** piety under Sif Muna
 10599 | D:9      | Received a gift from Sif Muna
 10682 | D:9      | Reached skill level 7 in Summonings
 11016 | D:10     | Reached skill level 8 in Summonings
 11052 | D:10     | Found a staircase to the Orcish Mines.
 11468 | D:10     | Reached skill level 1 in Fighting
 11468 | D:10     | Reached skill level 3 in Dodging
 11484 | D:10     | Got a jasper-encrusted ring mail
 11488 | D:10     | Noticed Erolcha
 11496 | D:10     | Cast into level 2 of the Abyss (Erolcha)
 11504 | Abyss:2  | Found a corrupted altar of Lugonu.
 11531 | Abyss:2  | Noticed a starcursed mass
 11535 | Abyss:2  | Noticed a worldbinder
 11541 | Abyss:2  | Found a corrupted altar of Lugonu.
 11542 | Abyss:2  | Noticed an alligator
 11545 | Abyss:2  | Noticed a tentacled starspawn
 11546 | Abyss:2  | Killed a worldbinder
 11546 | Abyss:2  | Reached skill level 3 in Stealth
 11554 | Abyss:2  | Noticed an orange demon
 11560 | Abyss:2  | Noticed a large abomination
 11575 | Abyss:2  | Killed an orange demon
 11575 | Abyss:2  | Reached skill level 4 in Stealth
 11575 | Abyss:2  | Reached XP level 11. HP: 44/56 MP: 0/26
 11611 | Abyss:2  | HP: 12/56 [tentacled starspawn (7)]
 11614 | Abyss:2  | Killed a tentacled starspawn
 11614 | Abyss:2  | Reached skill level 7 in Stealth
 11628 | Abyss:2  | HP: 14/56 [freezing wraith (12)]
 11634 | Abyss:2  | HP: 16/56 [freezing wraith (3)]
 11674 | Abyss:2  | Learned a level 5 spell: Aura of Abjuration
 11753 | Abyss:2  | HP: 13/56 [anaconda simulacrum (7)]
 11754 | Abyss:2  | HP: 4/56 [anaconda simulacrum (7)]
 11754 | Abyss:2  | Slain by an anaconda simulacrum

Vault maps used:
D:1:      dpeg_arrival_simpleton_a, minmay_misc_feat_more_columns,
          serial_park_tiny_2
D:2:      regret_index_temple_of_mockery, minmay_misc_feat_ornament
D:3:      hangedman_decor_points
D:4:      nicolae_overflow_hidden_temple, fedhas_altar_1
D:5:      first_bread, johnstein_pakellas_dig, uniq_menkaure,
          uniq_blork_the_orc, uniq_duvessa
D:6:      kennysheep_mini, lemuel_doored_altar, uniq_pikel
D:7:      minitemple, temple_statues, serial_shops, nicolae_shop_window_shopping
D:8:      grunt_pizzeria, uniq_erica
D:10:     erik_orc_3, uniq_erolcha
Temple:   triangle_lava_temple_10

Skill      XL: |  1  2  3  4  5  6  7  8  9 10 11 |
---------------+----------------------------------+-----
Ice Magic      | 4 5 6 8 9 10 | 10.0
Conjurations   | 2 3 5 6 7 8 9 |  9.0
Charms         | 2 3 4 6 7 |  7.2
Spellcasting   | 4 6 7 9 |  9.9
Summonings     | 4 8 |  8.0
Fighting       | 1 |  1.1
Dodging        | 3 |  3.0
Stealth        | 4 7 |  7.8
Armour         | |  0.4

Action                   |  1- 3 |  4- 6 |  7- 9 | 10-12 || total
-------------------------+-------+-------+-------+-------++-------
Melee: Short sword       |    10 |    11 |       |       ||    21
       Falchion          |       |    20 |   111 |    69 ||   200
       Whip              |       |       |    23 |     6 ||    29
       Dagger            |       |       |       |   105 ||   105
Throw: Stone             |    27 |    33 |     9 |       ||    69
       Tomahawk          |       |       |     7 |     2 ||     9
 Cast: Freeze            |    36 |    81 |    93 |    48 ||   258
       Throw Frost       |       |    16 |    84 |    35 ||   135
       Ozocubu's Armour  |       |     6 |    41 |    33 ||    80
       Throw Icicle      |       |       |    11 |    37 ||    48
       Summon Ice Beast  |       |       |       |     1 ||     1
Invok: Channel Energy    |       |       |       |    26 ||    26
Evoke: Wand              |       |       |       |     7 ||     7
  Use: Scroll            |     5 |     9 |     9 |     6 ||    29
       Potion            |       |     2 |     3 |     1 ||     6
 Stab: Sleeping          |     2 |     1 |     2 |     1 ||     6
  Eat: Chunk             |     1 |     6 |    15 |    11 ||    33
       Beef jerky        |       |     1 |       |       ||     1
       Meat ration       |       |     1 |       |       ||     1
       Pizza             |       |       |       |     2 ||     2
Armor: Ring mail         |     2 |       |       |       ||     2
       Robe              |     8 |    20 |    13 |   116 ||   157
       Leather armour    |       |       |   108 |    20 ||   128
Dodge: Dodged            |    38 |    69 |   169 |   186 ||   462

Table legend:
 A = Turns spent in this place as a percentage of turns spent in the entire game.
 B = Non-inter-level travel turns spent in this place as a percentage of non-inter-level travel turns spent in the entire game.
 C = Inter-level travel turns spent in this place as a percentage of turns spent in this place.
 D = Turns resting spent in this place as a percentage of non-inter-level travel turns spent in this place.
 E = Turns spent auto-exploring this place as a percentage of non-inter-level travel turns spent in this place.
 F = Non-inter-level travel turns spent in this place divided by the number of levels of this place that you've seen.
                   A       B       C       D       E      F
               +-------+-------+-------+-------+-------+----------------------
         Total | 100.0 | 100.0 |   0.4 |   3.4 |   4.2 | 408.6
       Dungeon |  91.8 |  91.7 |   0.4 |   3.5 |   4.6 | 449.8
        Temple |   2.6 |   2.6 |   0.8 |   7.0 |   0.0 | 129.0
         Abyss |   5.6 |   5.6 |   0.0 |   0.0 |   0.0 | 276.0
               +-------+-------+-------+-------+-------+----------------------

Vault maps used:
D:1:      dpeg_arrival_simpleton_a, minmay_misc_feat_more_columns,
          serial_park_tiny_2
D:2:      regret_index_temple_of_mockery, minmay_misc_feat_ornament
D:3:      hangedman_decor_points
D:4:      nicolae_overflow_hidden_temple, fedhas_altar_1
D:5:      first_bread, johnstein_pakellas_dig, uniq_menkaure,
          uniq_blork_the_orc, uniq_duvessa
D:6:      kennysheep_mini, lemuel_doored_altar, uniq_pikel
D:7:      minitemple, temple_statues, serial_shops, nicolae_shop_window_shopping
D:8:      grunt_pizzeria, uniq_erica
D:10:     erik_orc_3, uniq_erolcha
Temple:   triangle_lava_temple_10
